 Dungeon Crawl Stone Soup version 0.31-a0-175-g9f7f995f2b (webtiles) character file.

Game seed: 7995222564321981047

48 qw the Shooter (level 3, 0/22 HPs)
             Began as a Gargoyle Hunter on June 16, 2023.
             Killed from afar by Jessica (5 damage)
             ... with a puff of flame
             ... on level 2 of the Dungeon.
             The game lasted 00:00:20 (967 turns).

qw the Shooter (Gargoyle Hunter)                     Turns: 967, Time: 00:00:20

Health: 0/22       AC:  6    Str: 14    XL:     3   Next: 72%
Magic:  3/3        EV: 11    Int:  9    God:
Gold:   129        SH:  0    Dex: 15    Spells: 2/2 levels left

rFire   . . .        Y - +0 shortbow
rCold   . . .        (shield currently unavailable)
rNeg    + . .        c - +0 leather armour
rPois   inf          (no helmet)
rElec   +            (no cloak)
rCorr   .            (no gloves)
SInv    .            (no boots)
Will    .....        (no amulet)
Stlth   ++           (no ring)
HPRegen 0.23/turn    (no ring)
MPRegen 0.08/turn

%: no passive effects
@: no status effects
A: sickness immunity, AC +3, negative energy resistance 1, electricity
resistance, torment resistance 1, petrification resistance
a: no special abilities


You were on level 2 of the Dungeon.
You visited 1 branch of the dungeon, and saw 2 of its levels.

You collected 129 gold pieces.


Innate Abilities, Weirdness & Mutations

You are immune to sickness and miasma.
Your stone body is resilient. (AC +3)
You are immune to poison.
You resist negative energy. (rN+)
You are resistant to electric shocks. (rElec)
You are resistant to unholy torment.
You are immune to petrification.


   Skills:
 + Level 2.7 Fighting
 - Level 5.1 Ranged Weapons
 - Level 1.5 Dodging
 - Level 1.1 Stealth


You had 2 spell levels left.
You didn't know any spells.
Your spell library was empty.

Inventory:

Hand Weapons
 Y - a +0 shortbow (weapon)
Armour
 c - a +0 leather armour (worn)
Jewellery
 g - a ring of protection from fire
Scrolls
 a - a scroll of identify
 b - a scroll of revelation {unknown}
Potions
 d - a potion of cancellation {unknown}
 e - a potion of brilliance {unknown}
 f - a potion of mutation {unknown}
 h - a potion of haste {unknown}

Dungeon Overview and Level Annotations

Branches:
Dungeon (2/15)

Altars:

Annotations:
D:2 Jessica


Message History

You shoot an arrow. The arrow hits the endoplasm.
The endoplasm is severely wounded.
You shoot an arrow. The arrow hits the endoplasm.
You kill the endoplasm!
You shoot an arrow. The arrow hits the dart slug.
The dart slug is moderately wounded.
You shoot an arrow. The arrow hits the dart slug!
You kill the dart slug!
An adder comes into view.
Found a black potion.
You shoot an arrow. The arrow hits the adder.
The adder hisses angrily.
The adder is lightly wounded.
You shoot an arrow. The arrow hits the adder.
The adder is heavily wounded.
You shoot an arrow. The arrow misses the adder.
You shoot an arrow. The arrow hits the adder!
You kill the adder!
You now have 123 gold pieces (gained 10).
g - a ring of protection from fire You see here a dart slug corpse.
h - a black potion You now have 129 gold pieces (gained 6).
Found a faded altar of an unknown god.
Enter note: Jessica the Apprentice Sorceress comes into view.
She is wielding a +0 dagger and carrying a wand of flame (19).
Enter note: You shoot an arrow.
The arrow hits Jessica!
Jessica is almost dead.
Jessica zaps a wand.
The puff of flame hits you.
You shoot an arrow. The arrow barely misses Jessica.
You shoot an arrow.
The arrow hits Jessica but does no damage.
Jessica is almost dead.
Jessica zaps a wand.
The puff of flame hits you.
You shoot an arrow. The arrow barely misses Jessica.
Jessica zaps a wand.
The puff of flame hits you!
You shoot an arrow. The arrow closely misses Jessica.
Jessica zaps a wand.
The puff of flame hits you.
You die...

_ 8. ...
##########...#
+..@.....$....
#.@....#
###..#...#
#....# .##
########.##.#
#
#...........#
#.######.####
#.# ..# #.#
#.## ..####.#
#.#


You could see Jessica.

Vanquished Creatures
  2 adders (D:2)
  2 dart slugs
  3 endoplasms (D:2)
  A giant cockroach (D:1)
  3 goblins
  2 hobgoblins
  3 jackals (D:1)
  A kobold (D:1)
  3 quokkas (D:1)
  A bat (D:1)
  2 frilled lizards (D:1)
23 creatures vanquished.

Notes
Turn   | Place    | Note
-------+----------+-------------------------------------------
     0 | D:1      | qw the Gargoyle Hunter began the quest for the Orb.
     0 | D:1      | Reached XP level 1. HP: 12/12 MP: 1/1
     0 | D:1      | 0 ||| qw: Version: 0.2-a-29-g511e9b1
     0 | D:1      | 0 ||| qw: Game counter: 5868
     0 | D:1      | 0 ||| qw: Always use a shield: true
     0 | D:1      | 0 ||| qw: God list: Okawaru
     0 | D:1      | 0 ||| qw: Allow faded altars: false
     0 | D:1      | 0 ||| qw: Do Orc after D:15 true
     0 | D:1      | 0 ||| qw: Do second Lair branch before Depths: true
     0 | D:1      | 0 ||| qw: Lair rune preference: random
     0 | D:1      | 0 ||| qw: Plans: Normal, Zot:1-4, Slime:5, God:TSO, Crypt,
                  | Tomb, Abyss, Pan, Hells, Win
     0 | D:1      | 0 ||| PLANNING D:1-11
    50 | D:1      | Reached XP level 2. HP: 7/17 MP: 2/2
   521 | D:1      | 521 ||| FLEEEEING.
   522 | D:1      | 522 ||| FLEEEEING.
   796 | D:1      | 796 ||| READING scroll labelled USCHUL JANEOL.
   797 | D:1      | 797 ||| READING scroll labelled OREOTTESUJ.
   798 | D:1      | 798 ||| DROPPING scroll of butterflies.
   886 | D:2      | Reached XP level 3. HP: 21/21 MP: 3/3
   908 | D:2      | Reached skill level 5 in Ranged Weapons
   961 | D:2      | Found a faded altar of an unknown god.
   962 | D:2      | Noticed Jessica
   966 | D:2      | HP: 5/22 [Jessica/puff of flame (7)]
   967 | D:2      | Killed from afar by Jessica

Levels and vault maps discovered:
D:1:      erik_arrival_blinker_ship, layout_loops_ring, kennysheep_minor_cross
D:2:      minmay_inner_zag, layout_basic, chequers_ecumenical_altar_simple,
          minmay_3d_cube, uniq_jessica, uniq_natasha, uniq_sigmund

Skill      XL: |  1  2  3 |
---------------+----------+-----
Ranged Weapons | 5 |  5.1
Fighting       | |  2.7
Dodging        | |  1.5
Stealth        | |  1.1

Action                     || total
---------------------------++-------
   Fire: Shortbow          ||    81
    Use: Scroll            ||     2
 Armour: Leather armour    ||    11
  Dodge: Dodged            ||    23

Table legend:
 A = Non-vault XP
 B = Vault XP
 C = Vault XP percentage of total XP
 D = Non-vault monster count
 E = Vault monster count
 F = Vault count percentage of total count
                 A         B        C        D         E       F
            +---------+---------+-------+---------+---------+-------
      Total |      69 |       0 |   0.0 |      23 |       0 |   0.0
            +---------+---------+-------+---------+---------+-------
        D:1 |      29 |       0 |   0.0 |      15 |       0 |   0.0
        D:2 |      40 |       0 |   0.0 |       8 |       0 |   0.0
            +---------+---------+-------+---------+---------+-------
